AoeStats
← Steffels

Arena

510088168Analyzed
1v1 RM · 3d ago on Sep 29, 2026· 22m 2s· 2 players
Game mode
Random Map
Map size
Tiny (2 player)
Population
200
Speed
Normal
Resources
Standard
Victory
Conquest
Starting age
Dark Age
Ending age
Imperial Age
RankedLock teamsTeams togetherTeam positionsShared explorationLock speedFull tech treeHidden civsTurbo modeCheats
Victory
Defeat
🇷🇺 Bohemians · Russia
1046
+17
🇧🇪 Varangians · Belgium
1065
-17
Engineer
11:13 Feudal Age
9:29 Loom
15:12 Castle Age
14:27 Double-Bit Axe
14:40 Horse Collar
Steffels
10:59 Feudal Age
14:54 Castle Age
13:13 Double-Bit Axe
13:40 Horse Collar
16:14 Bow Saw
Connection lost

Rejoining the realm…

Still unreachable

The connection could not be restored.

Session expired

The server has moved on; the page needs a fresh start.